 Dungeon Crawl Stone Soup version 0.30-a0-883-g5ad918d77d (webtiles) character file.

Game seed: 2361142910199926619

538 ders the Magician (level 7, -1/45 HPs)
             Began as a Djinni Conjurer on Mar 16, 2023.
             Slain by an ogre
             ... wielding a +0 giant club
              (12 damage)
             ... on level 4 of the Dungeon.
             The game lasted 00:05:16 (3395 turns).

ders the Magician (Djinni Conjurer)                 Turns: 3395, Time: 00:05:16

Health: -1/45      AC:  5    Str:  6    XL:     7   Next: 51%
Gold:   273        EV: 12    Int: 21    God:
                   SH:  0    Dex: 12

rFire   + + .      SeeInvis .    (no weapon)
rCold   x . .      Faith    .    (no shield)
rNeg    . . .      Spirit   .    a - +0 robe
rPois   ∞          Reflect  .    c - +2 helmet
rElec   .          Rampage  .    (no cloak)
rCorr   .                        (no gloves)
Will    .....                    (boots unavailable)
Stlth   ++                       (no amulet)
HPRegen 0.27/turn                (no ring)
MPRegen 0.00/turn                (no ring)

@: flying, very slightly contaminated, slowed, very slow
A: sickness immunity, fire resistance 2, cold vulnerability 1, float, innate
caster, HP casting, extra vitality 1
a: no special abilities


You were on level 4 of the Dungeon.
You visited 1 branch of the dungeon, and saw 4 of its levels.

You collected 273 gold pieces.

Inventory:

Armour
 a - a +0 robe (worn)
 c - a +2 helmet (worn)
Jewellery
 l - an amulet of the acrobat
 t - a +6 ring of dexterity
 u - a +5 ring of evasion
Wands
 h - a wand of charming (4)
 v - a wand of flame (21)
Scrolls
 e - 4 scrolls of identify {unknown}
 g - a scroll of magic mapping {unknown}
 k - a scroll of torment {unknown}
 p - a scroll of silence {unknown}
 q - a scroll of immolation {unknown}
 s - a scroll of teleportation {unknown}
 w - 2 scrolls of enchant armour {unknown}
 x - a scroll of amnesia {unknown}
Potions
 b - a potion of might {unknown}
 d - a potion of haste {unknown}
 f - 2 potions of ambrosia {unknown}
 i - 2 potions of flight {unknown}
 j - 2 potions of heal wounds {unknown}
 m - a potion of cancellation {unknown}
 n - 4 potions of curing
 o - 2 potions of brilliance {unknown}
 r - 3 potions of magic {unknown}


   Skills:
 - Level 2.1 Dodging
 - Level 1.5 Stealth
 + Level 6.6 Spellcasting


You knew the following spells:

 Your Spells              Type           Power      Damage    Failure   Level
a - Magic Dart            Conj           100%       1d8       1%          1
b - Searing Ray           Conj           70%        2d7       1%          2
c - Dazzling Flash        Conj/Hex       70%        N/A       1%          3
d - Fulminant Prism       Conj/Hex       17%        3d10      6%          4
e - Iskenderun's Mystic   Conj/Tloc      35%        2d8       6%          4
f - Necrotise             Necr           100%       1d9       1%          1
g - Momentum Strike       Conj/Tloc      70%        3d9       1%          2
h - Lesser Beckoning      Tloc           70%        N/A       1%          2
Your spell library was empty.

Dungeon Overview and Level Annotations

Branches:
Dungeon (4/15)
 Temple: D:4-7

Altars:

Shops:
D:2 (


Innate Abilities, Weirdness & Mutations

You are immune to sickness and miasma.
You are immune to poison.
Your flesh is very heat resistant. (rF++)
You are vulnerable to cold. (rC-)
You float through the air rather than walking.
You learn spells naturally, not from books.
Your magical power is your life essence.
You have superior vitality. (+4 MHP)


Message History

(Press . to maintain the ray.) Natasha stares at you and mumbles some strange words.
You feel yourself slow down.
Unknown command.
Casting: Searing Ray (safe; 1% risk of failure)
Confirm with . or Enter, or press ? or * to list all spells.
Restarting spell: Searing Ray (safe; 1% risk of failure)
Press: ? - help, Shift-Dir - straight line, f - Natasha
Aim: Natasha (heavily wounded, 76% to hit)
The searing ray hits Natasha!
You kill Natasha!
Natasha screams in pain as she dies! (Press . to maintain the ray.) Unknown command.
An ogre comes into view. It is wielding a +0 giant club.
An ogre is nearby!
Casting: Searing Ray (safe; 1% risk of failure)
Confirm with . or Enter, or press ? or * to list all spells.
Aiming: Magic Dart (safe; 1% risk of failure)
Press: ? - help, Shift-Dir - straight line, f - ogre
Aim: an ogre, wielding a +0 giant club (wandering, hasn't noticed you, 100% to hit)
The magic dart hits the ogre!
The ogre is moderately wounded.
The ogre shouts!
Unknown command.
Casting: Magic Dart (safe; 1% risk of failure)
Confirm with . or Enter, or press ? or * to list all spells.
Aiming: Fulminant Prism (dangerous; 6% risk of failure)
Press: ? - help, Dir - move target, p - ogre You miscast Fulminant Prism.
You are very lightly contaminated with residual magic.
Nothing appears to happen.
The ogre hits you with a +0 giant club!!
Ouch! That really hurt!
* * * LOW HITPOINT WARNING * * *
Okay, then.
Okay, then.
It was a potion of curing.
You feel better. The ogre hits you with a +0 giant club!
You die...

......##.......#.###### ######.#
...##.##..####.#.##...##.#.......
...##.##..# #.#......)..#.####.#
..###.##).# #.####...#### #....#
### #.#<..####.#.........# #..#.#
## #.#......#.#.##...##.# #..#.#
.# ##.#..###.#.#.#.......#.#....#
.# #.......#.#...O.....###.#..#.#
.# #..#..#.#.###@#.###.#.. #..#.#
.# #..#....#.#.......#.#.####.###
.###..#.####.#.#...#.#.#........#
.........................>###.#.#
........######....<#.#.#..###.#.#
........############.#.#......#.#
.##..#...............#.#..###.#.#
######.###############.#..#...#.#
.#####.########....# #.#..#.#.#.#


You could see an ogre.

Vanquished Creatures
  Sigmund (D:4)
  A scorpion (D:4)
  A hound (D:4)
  Natasha (twice) (D:4)
  4 iguanas
  An orc wizard (D:4)
  4 adders
  A worm (D:2)
  A dart slug (D:2)
  6 orcs
  6 ball pythons
  4 bats
  6 endoplasms
  3 giant cockroaches
  7 goblins
  4 hobgoblins
  8 jackals
  A kobold (D:2)
  2 quokkas
  5 frilled lizards
  9 rats
77 creatures vanquished.

Vanquished Creatures (others)
  2 fulminant prisms (D:4)
2 creatures vanquished.

Grand Total: 79 creatures vanquished

Notes
Turn   | Place    | Note
-------+----------+-------------------------------------------
     0 | D:1      | ders the Djinni Conjurer began the quest for the Orb.
     0 | D:1      | ders set off with the following spells memorised: Magic
                  | Dart, Searing Ray, Dazzling Flash, Fulminant Prism,
                  | Iskenderun's Mystic Blast.
     0 | D:1      | Reached XP level 1. HP: 15/15 MP: 0/0
   186 | D:1      | Reached XP level 2. HP: 18/21 MP: 0/0
   525 | D:1      | Reached XP level 3. HP: 23/25 MP: 0/0
   525 | D:1      | Learned a level 1 spell: Necrotise
   890 | D:2      | Reached skill level 4 in Spellcasting
  1017 | D:2      | Reached XP level 4. HP: 19/31 MP: 0/0
  1123 | D:2      | Found Jeleeto's Antique Weapon Shop.
  2008 | D:3      | Reached XP level 5. HP: 29/35 MP: 0/0
  2008 | D:3      | Learned a level 2 spell: Momentum Strike
  2452 | D:4      | Reached skill level 5 in Spellcasting
  2554 | D:4      | Reached XP level 6. HP: 7/40 MP: 0/0
  2714 | D:4      | Noticed Sigmund
  2724 | D:4      | Killed Sigmund
  2725 | D:4      | Reached skill level 6 in Spellcasting
  2789 | D:4      | Reached XP level 7. HP: 33/45 MP: 0/0
  2789 | D:4      | Learned a level 2 spell: Lesser Beckoning
  3006 | D:4      | Noticed Natasha
  3011 | D:4      | Killed Natasha
  3380 | D:4      | Noticed Natasha
  3386 | D:4      | Killed Natasha
  3395 | D:4      | Slain by an ogre

Illustrated notes

Levels and vault maps discovered:
D:1:      lemuel_arrival_river_ford, layout_basic
D:2:      layout_loops_ring, basic_altar, serial_shops, shop,
          minmay_split_cup_small
D:3:      layout_basic
D:4:      layout_basic, uniq_sigmund, uniq_natasha

Skill      XL: |  1  2  3  4  5  6 |
---------------+-------------------+-----
Spellcasting   | 4 5 6 |  6.6
Dodging        | |  2.1
Stealth        | |  1.5

Action                     |  1- 3 |  4- 6 |  7- 9 || total
---------------------------+-------+-------+-------++-------
   Cast: Magic Dart        |    70 |    67 |    22 ||   159
         Searing Ray       |       |    20 |    11 ||    31
         Fulminant Prism   |       |     1 |     1 ||     2
    Use: Potion            |       |       |     1 ||     1
 Armour: Robe              |     3 |     3 |     3 ||     9
  Dodge: Dodged            |     1 |    19 |     2 ||    22

Table legend: (Time is in decaauts)
 A = Elapsed time spent in this place.
 B = Non-inter-level travel time spent in this place.
 C = Inter-level travel time spent in this place.
 D = Time resting spent in this place.
 E = Time spent auto-exploring this place.
 F = Levels seen in this place.
 G = Mean time per level.
                   A        B        C        D        E       F      G
               +--------+--------+--------+--------+--------+-----+--------+
         Total |   3399 |   3321 |     78 |    181 |   2779 |   4 |  849.8 |
       Dungeon |   3399 |   3321 |     78 |    181 |   2779 |   4 |  849.8 |
               +--------+--------+--------+--------+--------+-----+--------+

Top non-repeatable levels by time:
     D:4: 953 daAuts
     D:3: 907 daAuts
     D:2: 785 daAuts
     D:1: 754 daAuts
